 Dungeon Crawl Stone Soup version 0.19.5 (console) character file.

230 Barfbag the Scratcher (level 5, -5/24 HPs)
             Began as a Felid Monk on Jan 6, 2018.
             Slain by a scorpion (7 damage)
             ... on level 4 of the Dungeon.
             The game lasted 00:04:38 (2952 turns).

Barfbag the Scratcher (Felid Monk)                  Turns: 2952, Time: 00:04:38

Health: -5/24      AC:  1    Str:  8    XL:     5   Next: 72%
Magic:  6/6        EV: 25    Int: 11    God:
Gold:   64         SH:  0    Dex: 24    Spells: 0 memorised, 4 levels left
                                        Lives:  0   Deaths: 1

rFire  + . .     SeeInvis +       - Unarmed
rCold  + . .     Gourm    .     (armour unavailable)
rNeg   . . .     Faith    .     (shield unavailable)
rPois  +         Spirit   .     (helmet unavailable)
rElec  +         Reflect  .     (cloak unavailable)
rCorr  +         Harm     .     (gloves unavailable)
MR     .....                    (boots unavailable)
Stlth  +++++.....               (no amulet)
                                (no ring)
                                (no ring)

@: agile, resistant, very slightly contaminated, hasted, very quick
A: no armour, no weapons or thrown items, stealth, claws 1, fangs 3, see
invisible, carnivore 3, speed 1, shaggy fur 1, slow metabolism 1, sharp paws
a: no special abilities


You were on level 4 of the Dungeon.
You were not hungry.

You visited 1 branch of the dungeon, and saw 4 of its levels.

You collected 64 gold pieces.

Inventory:

Scrolls
 e - 3 scrolls of remove curse
Potions
 b - a potion of curing
 c - a potion of resistance
 d - a potion of agility
Comestibles
 a - 2 meat rations


   Skills:
 - Level 3.0 Fighting
 - Level 4.0 Dodging
 + Level 5.8 Stealth
 * Level 5.8 Unarmed Combat


You had 4 spell levels left.
You didn't know any spells.

Dungeon Overview and Level Annotations

Branches:
Dungeon (4/15)             Temple (0/1) D:4

Altars:
Kikubaaqudgha

Annotations:
D:1 exclusion: downstairs
D:2 Jessica, Sigmund
D:3 exclusion: upstairs


Innate Abilities, Weirdness & Mutations

You cannot wear armour.
You are incapable of wielding weapons or throwing items.
Your paws allow you to move quietly. (Stealth)
You have sharp claws.
You have razor-sharp teeth.
You have supernaturally acute eyesight. (SInv)
You are carnivorous and can eat meat at any time.
You cover ground quickly.
You are covered in fur. (AC +1)
You have a slow metabolism.
Your sharp claws are effective at attacking unaware monsters.


Message History

You scratch the scorpion.
The scorpion is lightly wounded.
The bat barely misses you. The bat completely misses you.
The scorpion misses you.
You closely miss the scorpion.
The scorpion is lightly wounded.
The bat misses you. x2; The bat closely misses you.
You scratch the scorpion but do no damage.
The scorpion is lightly wounded.
The bat closely misses you. The scorpion stings you!
* * * LOW HITPOINT WARNING * * *
The bat completely misses you.
You are too injured to fight recklessly!
Unknown command.
You barely miss the scorpion.
You bite the scorpion, but do no damage.
The scorpion is lightly wounded.
The bat closely misses you. The bat completely misses you.
The scorpion stings you!
You die...

***,,*,,.PP.*,*,,,,,....#,,*..#.
**,*,,.^.P.**,,,**,#...###...#
*,**,.^..)*,,,,**,#..#...#...
*,*,*#....#*,****,#.#.....#..
*,**,)..P..#** *,#......[l##
***,**,*,#^.sS* #,#.#...S.#..
*,*,**,,,#.SSb## ##.#..#...#...
*,*,****,**,#bb# #......###...#
*,,,*,,,,*,,##@#*#.#..S#..#..#.
***,*,*,**,**##s#.....#...###..
*,***,,,**,,*.##>.#.,..#..#..
*,**,,*,**,,*..#.*..,.#...#..
*,*****,*,,**##.,..S,....#.#.
*,*******,,*,*##....,...#...#
*,,,,,,,,,,*,,,.....,........
*,,,*,****,*,,....##*#.#,,..#
*,,,,⌠,,,*,***,*,,****,..#,,,


You could see 2 scorpions, 3 adders and 3 bats.

Vanquished Creatures
  An ogre (D:4)
  2 scorpions (D:4)
  A worker ant (D:4)
  3 adders
  An ooze (D:2)
  An adder skeleton (D:4)
  A worm (D:1)
  3 dart slugs (D:1)
  2 orcs
  6 bats
  5 giant cockroaches
  2 hobgoblins (D:1)
  3 frilled lizards
  5 goblins
  5 kobolds
  3 rats
44 creatures vanquished.

Vanquished Creatures (others)
  4 fungi (D:4)
4 creatures vanquished.

Grand Total: 48 creatures vanquished

Notes
Turn   | Place    | Note
-------+----------+-------------------------------------------
     0 | D:1      | Barfbag the Felid Monk began the quest for the Orb.
     0 | D:1      | Reached XP level 1. HP: 10/10 MP: 2/2
   186 | D:1      | Reached XP level 2. HP: 14/14 MP: 3/3
   243 | D:2      | Found an ancient bone altar of Kikubaaqudgha.
   243 | D:2      | Noticed Sigmund
   244 | D:2      | Noticed Jessica
  1290 | D:1      | Reached XP level 3. HP: 17/17 MP: 4/4
  2260 | D:3      | Reached XP level 4. HP: 9/21 MP: 5/5
  2920 | D:4      | Slain by an adder
  2921 | D:4      | Reached XP level 3. HP: -1/17 MP: 4/4
  2921 | D:4      | Noticed a scorpion
  2921 | D:4      | Noticed a scorpion
  2921 | D:4      | Noticed a scorpion
  2921 | D:4      | Noticed an ogre
  2921 | D:4      | Killed a scorpion
  2921 | D:4      | Reached skill level 5 in Stealth
  2921 | D:4      | Reached skill level 5 in Unarmed Combat
  2921 | D:4      | Reached XP level 4. HP: 21/21 MP: 5/5
  2931 | D:4      | Killed an ogre
  2931 | D:4      | Reached XP level 5. HP: 18/24 MP: 6/6
  2952 | D:4      | Slain by a scorpion

Skill      XL: |  1  2  3 |
---------------+----------+-----
Stealth        | 3 5 |  5.8
Unarmed Combat | 5 |  5.8
Fighting       | |  3.0
Dodging        | |  4.0

Action                   |  1- 3 |  4- 6 || total
-------------------------+-------+-------++-------
Melee: Unarmed           |    90 |    48 ||   138
       Bite              |     8 |     8 ||    16
       Punch             |     1 |     2 ||     3
  Use: Scroll            |     3 |     3 ||     6
       Potion            |       |     3 ||     3
 Stab: Sleeping          |    10 |     1 ||    11
       Distracted        |     1 |       ||     1
  Eat: Chunk             |     1 |     1 ||     2
Armor: Skin              |     4 |     4 ||     8
Dodge: Dodged            |    72 |    84 ||   156
